 Dungeon Crawl Stone Soup version 0.29-a0-380-gf50f0a9fbc (webtiles) character file.

Game seed: 17077279660604032897

48 bande the Covered (level 3, -2/24 HPs)
             Began as a Gargoyle Fighter on May 5, 2022.
             Slain by an orc priest
             ... wielding a +0 club
              (4 damage)
             ... on level 1 of the Dungeon.
             The game lasted 00:02:04 (1081 turns).

bande the Covered (Gargoyle Fighter)                Turns: 1081, Time: 00:02:04

Health: -2/24      AC: 11    Str: 19    XL:     3   Next: 72%
Magic:  3/3        EV:  9    Int:  8    God:
Gold:   60         SH:  4    Dex: 11    Spells: 2/2 levels left

rFire   . . .      SeeInvis .   a - +0 war axe
rCold   . . .      Faith    .   c - +0 buckler
rNeg    + . .      Spirit   .   b - +0 scale mail
rPois   ∞          Reflect  .   f - +0 helmet
rElec   +          Harm     .   (no cloak)
rCorr   .          Rampage  .   (no gloves)
Will    .....                   (no boots)
Stlth   ..........              (no amulet)
HPRegen 0.08/turn               (no ring)
MPRegen 0.08/turn               (no ring)

@: no status effects
A: sickness immunity, AC +3, negative energy resistance 1, electricity
resistance, torment resistance 1, petrification resistance
a: no special abilities


You were on level 1 of the Dungeon.
You visited 1 branch of the dungeon, and saw 2 of its levels.

You collected 60 gold pieces.

Inventory:

Hand Weapons
 a - a +0 war axe (weapon)
Armour
 b - a +0 scale mail (worn)
 c - a +0 buckler (worn)
 f - a +0 helmet (worn)
Scrolls
 e - 2 scrolls of identify {unknown}
Potions
 d - a potion of might
 g - a potion of brilliance {unknown}


   Skills:
 + Level 3.8 Fighting
 + Level 2.3 Axes
 + Level 3.9 Armour
 + Level 3.7 Shields


You had 2 spell levels left.
You didn't know any spells.
Your spell library contained the following spells:

 Spells                   Type           Power      Damage    Failure   Level
 Petrify                  Tmut/Erth      0%         N/A       100%        4
 Irradiate                Conj/Tmut      0%         3d13      100%        5
 Sublimation of Blood     Necr           Unusable   N/A       N/A         2

Dungeon Overview and Level Annotations

Branches:
Dungeon (2/15)

Altars:

Shops:
D:2 (


Innate Abilities, Weirdness & Mutations

You are immune to sickness and miasma.
Your stone body is resilient. (AC +3)
You are immune to poison.
You resist negative energy. (rN+)
You are resistant to electric shocks. (rElec)
You are resistant to unholy torment.
You are immune to petrification.


Message History

The orc priest is lightly wounded.
You closely miss the orc. You block the orc's attack.
The orc priest closely misses you.
You hit the orc priest but do no damage.
The orc priest is lightly wounded.
You closely miss the orc. The orc barely misses you.
The orc priest hits you but does no damage.
You barely miss the orc priest.
The orc priest is lightly wounded.
You hit the orc. You block the orc's attack.
The orc priest hits you with a +0 club. The orc completely misses you.
The orc priest closely misses you.
You hit the orc.
You kill the orc!
You hit the orc priest. The orc priest hits you with a +0 club.
You barely miss the orc priest.
The orc priest is moderately wounded.
The orc priest barely misses you.
The orc priest mumbles some strange prayers to Beogh against you.
Beogh smites you!
Ouch! That really hurt!
* * * LOW HITPOINT WARNING * * *
You closely miss the orc priest.
The orc priest is moderately wounded.
The orc priest hits you but does no damage.
You completely miss the orc priest.
The orc priest is moderately wounded.
The orc priest hits you but does no damage.
You closely miss the orc priest.
The orc priest is moderately wounded.
The orc priest hits you with a +0 club.
* * * LOW HITPOINT WARNING * * *
The orc priest looks braver for a moment.
You hit the orc priest.
The orc priest is moderately wounded.
The orc priest begins to cast a cantrip, but forgets the words!
You barely miss the orc priest.
The orc priest is moderately wounded.
The orc priest hits you with a +0 club.
You die...

### ###.### ##....^##
##.).....## #..o@.....#
##...†..^..##
#.......^...##
##...........#
####.^...^...#.#
#..##......(##.#########
#..###.....###..........
#..####..)##############
#............# #........


You could see an orc priest.

Vanquished Creatures
  3 worms
  2 dart slugs
  2 orcs (D:1)
  4 ball pythons (D:1)
  4 endoplasms (D:1)
  A giant cockroach (D:1)
  A goblin (D:1)
  3 hobgoblins
  2 quokkas (D:1)
  2 bats (D:1)
  2 kobolds (D:1)
  5 rats (D:1)
31 creatures vanquished.

Notes
Turn   | Place    | Note
-------+----------+-------------------------------------------
     0 | D:1      | bande the Gargoyle Fighter began the quest for the Orb.
     0 | D:1      | Reached XP level 1. HP: 14/14 MP: 1/1
    80 | D:1      | You fall into a shaft and drop 1 floor!
    80 | D:2      | Found Maogygu's Weapon Shop.
    84 | D:2      | Reached XP level 2. HP: 19/19 MP: 2/2
   218 | D:1      | Found a faded altar of an unknown god.
   698 | D:1      | Reached XP level 3. HP: 21/24 MP: 3/3
  1081 | D:1      | Slain by an orc priest

Illustrated notes

Levels and vault maps discovered:
D:1:      amcnicky_arrival_flooded_fountain, layout_basic,
          chequers_ecumenical_altar_simple, minmay_misc_feat_chi,
          nicolae_wormholes
D:2:      layout_basic, serial_shops, shop_fountains

Skill      XL: |  1  2 |
---------------+-------+-----
Axes           | 2 |  2.3
Fighting       | |  3.8
Armour         | |  3.9
Shields        | |  3.7

Action                   || total
-------------------------++-------
Melee: War axe           ||    88
Armor: Scale mail        ||    55
Dodge: Dodged            ||    44
Block: Buckler           ||    14

Table legend: (Time is in decaauts)
 A = Elapsed time spent in this place.
 B = Non-inter-level travel time spent in this place.
 C = Inter-level travel time spent in this place.
 D = Time resting spent in this place.
 E = Time spent auto-exploring this place.
 F = Levels seen in this place.
 G = Mean time per level.
                   A        B        C        D        E       F      G
               +--------+--------+--------+--------+--------+-----+--------+
         Total |   1122 |   1122 |      0 |     52 |    814 |   2 |  561.0 |
       Dungeon |   1122 |   1122 |      0 |     52 |    814 |   2 |  561.0 |
               +--------+--------+--------+--------+--------+-----+--------+

Top non-repeatable levels by time:
     D:1: 978 daAuts
     D:2: 143 daAuts
